 Dungeon Crawl Stone Soup version 0.26-a0-597-gb535b0901c (webtiles) character file.

Game seed: 2327964201621385849

10 Alarkh the Skirmisher (level 2, 24/24 HPs)
             Began as a Demonspawn Fighter on Sept 5, 2020.
             Got out of the dungeon alive.
             The game lasted 00:00:22 (366 turns).

Alarkh the Skirmisher (Demonspawn Fighter)           Turns: 366, Time: 00:00:23

Health: 24/24      AC:  6    Str: 16    XL:     2   Next: 10%
Magic:  2/2        EV:  6    Int:  9    God:
Gold:   16         SH:  8    Dex: 12    Spells: 1/1 levels left

rFire    + . .     SeeInvis .     - Unarmed
rCold    . . .     Faith    .   b - +0 kite shield
rNeg     . . .     Spirit   .   a - +0 scale mail
rPois    .         Reflect  .   (no helmet)
rElec    .         Harm     .   (no cloak)
rCorr    .                      (no gloves)
MR       .....                  (no boots)
Stlth    ..........             (no amulet)
HPRegen  0.08/turn              d - ring of attention (curse)
MPRegen  0.08/turn              (no ring)

@: no status effects
A: fire resistance 1
a: no special abilities


You escaped.
You visited 1 branch of the dungeon, and saw 1 of its levels.

You collected 16 gold pieces.

Inventory:

Armour
 a - a +0 scale mail (worn)
 b - a +0 kite shield (worn)
Jewellery
 d - a cursed ring of attention (left hand)
Scrolls
 e - a scroll of identify {unknown}
 f - a scroll of enchant weapon {unknown}
Potions
 c - a potion of might


   Skills:
 + Level 3.1 Fighting
 - Level 2.6 Armour
 + Level 2.8 Shields
 * Level 2.2 Unarmed Combat


You had one spell level left.
You didn't know any spells.
Your spell library was empty.

Dungeon Overview and Level Annotations

Branches:
Dungeon (1/15)

Altars:


Innate Abilities, Weirdness & Mutations

Your flesh is heat resistant. (rF+)


Message History

You see here a dart slug corpse.
You open the door.
There is an open door here.
The troll shouts!
The spriggan shouts!
There is an open door here.
The felid hisses angrily.
The elf shouts!
The demigod shouts!
The vine stalker shouts!
The naga shouts!
The orc shouts!
The formicid twitches its antennae in your direction.
The human shouts!
The draconian roars!
The halfling shouts!
The ogre shouts!
The demonspawn shouts!
The merfolk shouts!
There is an open door here.
There is a staircase leading out of the dungeon here.
Are you sure you want to leave the Dungeon?
This will make you lose the game!
You have escaped!

##### #.@.#
### #...#
..# ###'###
#.# #m#.#c#
#.##########
###.###
...........#
#V#.#6#
..########.#
###.### ...#
#.# #p#.#O#
..## #.#
###.###


There were no monsters in sight!

Vanquished Creatures
  A dart slug (D:1)
  2 goblins (D:1)
  3 hobgoblins (D:1)
  A bat (D:1)
  A frilled lizard (D:1)
8 creatures vanquished.

Notes
Turn   | Place    | Note
-------+----------+-------------------------------------------
     0 | D:1      | Alarkh the Demonspawn Fighter began the quest for the Orb.
     0 | D:1      | Reached XP level 1. HP: 18/18 MP: 1/1
     2 | D:1      | Noticed a merfolk
     2 | D:1      | Noticed a centaur
     4 | D:1      | Noticed a vampire
     4 | D:1      | Noticed a demonspawn
     6 | D:1      | Noticed a halfling
     6 | D:1      | Noticed an ogre
     8 | D:1      | Noticed a human
     8 | D:1      | Noticed a draconian
    10 | D:1      | Noticed a formicid
    12 | D:1      | Noticed a naga
    12 | D:1      | Noticed a dwarf
    14 | D:1      | Noticed a tengu
    14 | D:1      | Noticed a ghoul
    16 | D:1      | Noticed a vine stalker
    16 | D:1      | Noticed a minotaur
    18 | D:1      | Noticed a demigod
    20 | D:1      | Noticed a gargoyle
    20 | D:1      | Noticed an elf
    22 | D:1      | Noticed a felid
    24 | D:1      | Noticed an octopode
    26 | D:1      | Noticed a troll
    26 | D:1      | Noticed a spriggan
   286 | D:1      | Gained mutation: Your flesh is heat resistant. (rF+)
                  | [demonic ancestry]
   286 | D:1      | Reached XP level 2. HP: 24/24 MP: 2/2
   366 | D:$      | Got out of the dungeon alive.

Illustrated notes

Levels and vault maps discovered:
D:1:      kb_arrival_jail, layout_loops_corners

Skill      XL: |  1 |
---------------+----+-----
Unarmed Combat | 2 |  2.2
Fighting       | |  3.1
Armour         | |  2.6
Shields        | |  2.8

Action                   || total
-------------------------++-------
Melee: Unarmed           ||    43
Armor: Scale mail        ||    12
Dodge: Dodged            ||     7
Block: Kite shield       ||    15

Table legend: (Time is in decaauts)
 A = Elapsed time spent in this place.
 B = Non-inter-level travel time spent in this place.
 C = Inter-level travel time spent in this place.
 D = Time resting spent in this place.
 E = Time spent auto-exploring this place.
 F = Levels seen in this place.
 G = Mean time per level.
                   A        B        C        D        E       F      G
               +--------+--------+--------+--------+--------+-----+--------+
         Total |    367 |    289 |     78 |      0 |    218 |   1 |  367.0 |
       Dungeon |    367 |    289 |     78 |      0 |    218 |   1 |  367.0 |
               +--------+--------+--------+--------+--------+-----+--------+

Top non-repeatable levels by time:
     D:1: 367 daAuts
